AoeStats
← AiM | CyclopsTron

Oasis

508578649Analyzed
4v4 RM · 8d ago on Sep 23, 2026· 29m 14s· 8 players
Game mode
Random Map
Map size
Large (8 player)
Population
200
Speed
Normal
Resources
Standard
Victory
Conquest
Starting age
Dark Age
Ending age
Imperial Age
RankedLock teamsTeams togetherTeam positionsShared explorationLock speedFull tech treeHidden civsTurbo modeCheats
Victory
Defeat
🇲🇽 Varangians · Mexico
1827
+8
🇧🇷 Magyars · Brazil
1719
+12
🇲🇽 Lithuanians · Mexico
1712
+12
🇦🇷 Maya · Argentina
1668
+15
🇲🇽 Maya · Mexico
1703
-14
🇲🇽 Danes · Mexico
1668
-13
🇲🇽 Persians · Mexico
1632
-12
🇲🇽 Varangians · Mexico
1522
-8
Ux'Nova
6:05 Loom
8:40 Feudal Age
9:43 Double-Bit Axe
11:46 Horse Collar
20:46 Castle Age
19:27 Forging
19:14 Gold Mining
20:07 Bloodlines
20:14 Scale Barding Armor
22:57 Chain Barding Armor
29:16 Wheelbarrow
Ux'LobodeLaNieve
3:32 Loom
9:36 Feudal Age
13:14 Fletching
17:36 Padded Archer Armor
21:58 Castle Age
20:11 Double-Bit Axe
20:35 Horse Collar
20:50 Gold Mining
22:01 Crossbowman
22:45 Bodkin Arrow
24:02 Ballistics
gyNNNNN
0:27 Loom
9:56 Feudal Age
15:02 Fletching
26:41 Castle Age
25:46 Double-Bit Axe
25:43 Horse Collar
25:55 Gold Mining
27:25 Bodkin Arrow
26:50 Crossbowman
27:16 Crossbowman
30:03 Ballistics
Fs.churacoRS
7:03 Loom
9:17 Feudal Age
9:53 Double-Bit Axe
10:54 Horse Collar
19:24 Scale Barding Armor
22:31 Bloodlines
24:55 Castle Age
23:27 Bloodlines
23:23 Gold Mining
25:00 Light Cavalry
25:41 Husbandry
29:10 Heavy Plow
29:50 Chain Barding Armor
30:19 Wheelbarrow
29:32 Town Watch
AiM | CyclopsTron
0:25 Loom
9:18 Feudal Age
13:14 Fletching
24:33 Castle Age
23:07 Padded Archer Armor
23:16 Gold Mining
25:09 Bodkin Arrow
24:39 Crossbowman
25:25 Crossbowman
26:26 Crossbowman
LeBotut
5:14 Loom
8:33 Feudal Age
9:50 Double-Bit Axe
14:39 Scale Barding Armor
16:14 Forging
22:25 Castle Age
20:59 Bloodlines
22:14 Wheelbarrow
21:30 Horse Collar
21:45 Gold Mining
22:03 Town Watch
23:25 Chain Barding Armor
23:09 Husbandry
26:02 Bow Saw
27:55 Iron Casting
The Lord Daniel
5:49 Loom
8:55 Feudal Age
11:10 Double-Bit Axe
11:05 Horse Collar
20:45 Castle Age
19:45 Bloodlines
19:58 Gold Mining
20:28 Scale Barding Armor
21:20 Forging
21:45 Chain Barding Armor
25:55 Husbandry
27:05 Forging
28:51 Bow Saw
Crosnay
6:47 Loom
9:17 Feudal Age
9:24 Man-at-Arms
14:27 Fletching
19:31 Double-Bit Axe
24:50 Castle Age
23:00 Horse Collar
24:53 Crossbowman
26:01 Bodkin Arrow
27:08 Padded Archer Armor
28:17 Gold Mining
29:20 Wheelbarrow
Connection lost

Rejoining the realm…

Still unreachable

The connection could not be restored.

Session expired

The server has moved on; the page needs a fresh start.